 Dungeon Crawl Stone Soup version 0.28-a0-1435-g82390b3a13 (webtiles) character file.

Game seed: 8375514360248975587

360 Gargoyl the Skirmisher (level 6, -1/52 (53) HPs)
             Began as a Gnoll Abyssal Knight on Jan 9, 2022.
             Was a Believer of Lugonu.
             Slain by Crazy Yiuf (9 damage)
             ... on level 4 of the Dungeon.
             The game lasted 00:04:36 (4089 turns).

Gargoyl the Skirmisher (Gnoll Abyssal Knight)       Turns: 4089, Time: 00:04:37

HP:   -1/52 (53)    AC:  9    Str: 14    XL:     6   Next: 65%
MP:   9/9           EV: 12    Int:  9    God:    Lugonu [**....]
Gold: 199           SH:  0    Dex: 13    Spells: 9/9 levels left

rFire   . . .      SeeInvis .   i - +1 hand axe (vamp)
rCold   . . .      Faith    .   (no shield)
rNeg    . . .      Spirit   .   j - +0 chain mail
rPois   .          Reflect  .   (no helmet)
rElec   .          Harm     .   (no cloak)
rCorr   .          Rampage  .   (no gloves)
Will    +....                   (no boots)
Stlth   ..........              (no amulet)
HPRegen 0.17/turn               c - ring of willpower
MPRegen 0.11/turn               (no ring)

@: agile, lightly drained, invisible
A: fangs 1, strong nose, distributed training
a: Renounce Religion, Depart the Abyss, Bend Space


You were on level 4 of the Dungeon.
You worshipped Lugonu.
Lugonu was pleased with you.
You visited 1 branch of the dungeon, and saw 4 of its levels.
You visited the Abyss 1 time.

You collected 199 gold pieces.

Inventory:

Hand Weapons
 a - a +1 hand axe
 i - a +1 vampiric hand axe (weapon)
Armour
 j - a +0 chain mail (worn)
Jewellery
 c - a ring of willpower (left hand)
Potions
 b - a potion of flight
 f - a potion of ambrosia {unknown}
 g - a potion of resistance {unknown}
 h - 2 potions of mutation {unknown}
 k - a potion of lignification {unknown}


   Skills:
 + Level 6.8 Fighting
 + Level 2.0 Short Blades
 + Level 2.0 Long Blades
 + Level 5.0 Axes
 + Level 2.0 Maces & Flails
 + Level 2.0 Polearms
 + Level 2.0 Staves
 + Level 2.0 Slings
 + Level 2.0 Bows
 + Level 2.0 Crossbows
 + Level 2.0 Throwing
 + Level 5.0 Armour
 + Level 3.3 Dodging
 + Level 2.0 Stealth
 + Level 2.0 Shields
 + Level 2.0 Unarmed Combat
 + Level 2.0 Spellcasting
 + Level 1.6 Conjurations
 + Level 1.6 Hexes
 + Level 1.6 Summonings
 + Level 1.6 Necromancy
 + Level 1.6 Translocations
 + Level 1.6 Transmutations
 + Level 1.6 Fire Magic
 + Level 1.6 Ice Magic
 + Level 1.6 Air Magic
 + Level 1.6 Earth Magic
 + Level 1.6 Poison Magic
 + Level 5.1 Invocations
 + Level 2.0 Evocations


You had 9 spell levels left.
You didn't know any spells.
Your spell library contained the following spells:

 Spells                   Type           Power      Damage    Failure   Level
 Animate Skeleton         Necr           6%         N/A       98%         1
 Pain                     Necr           12%        1d4       98%         1
 Summon Guardian Golem    Hex/Summ       3%         N/A       100%        3
 Vampiric Draining        Necr           3%         2d6       100%        3
 Orb of Destruction       Conj           1%         N/A       100%        7
 Spellforged Servitor     Conj/Summ      1%         N/A       100%        7


Dungeon Overview and Level Annotations

Branches:
Dungeon (4/15)
 Temple: D:4-7

Altars:

Shops:
D:2 ?

Annotations:
D:4 Crazy Yiuf


Innate Abilities, Weirdness & Mutations

You have very sharp teeth.
Your uncanny sense of smell can sniff out nearby items.
Your experience applies equally to all skills.


Message History

Crazy Yiuf shouts!
You see here a +0 mace.
Crazy Yiuf says, "Cards!"
Found a runed mace.
You open the door.
Crazy Yiuf yells, "Goober meccalolo sow!"
You barely miss Crazy Yiuf.
Crazy Yiuf hits you with a +4 quarterstaff of chaos.
You are poisoned.
You hit Crazy Yiuf.
You feel better.
Your bite misses Crazy Yiuf.
Crazy Yiuf is lightly wounded.
You feel very sick.
Crazy Yiuf hits you with a +4 quarterstaff of chaos!
You are more poisoned.
You hit Crazy Yiuf.
Crazy Yiuf is heavily wounded.
You feel very sick.
Crazy Yiuf laughs, "Buddy agre alas!"
Crazy Yiuf drinks a potion.
Crazy Yiuf flickers and vanishes!
Deactivating autopickup; reactivate with Ctrl-A.
You barely miss something. You bite something.
You feel very sick. Something hits you!
You feel better. Something hits you!
* * * LOW HITPOINT WARNING * * *
You feel better. Something hits you.
You closely miss something. Something hits you!
* * * LOW HITPOINT WARNING * * *
You feel drained.
* * * LOW HITPOINT WARNING * * *
Unknown command.
You feel better. Something hits you.
* * * LOW HITPOINT WARNING * * *
You fade into invisibility!
Something hits you.
* * * LOW HITPOINT WARNING * * *
You feel agile all of a sudden.
You hit something but do no damage. Something barely misses you.
Something hits you!
You die...

#.....#.....
#.###.#.....
#.....'.....
#####.#...[. #.####+#
#.# #.# ### #####.#
#.# #)).###
##.....####.#
#.).{@####............
#.).##.)#).....#####.#
### ###.#....######.#
#######'.......
#####.#.# #.#.# #.#.#
#.#.# #.#.#


There were no monsters in sight!

Vanquished Creatures
  A wyvern (D:4)
  Terence (D:2)
  An orc wizard (D:3)
  3 adders
  7 gnolls
  2 worms
  A dart slug (D:1)
  7 orcs
  5 endoplasms
  4 giant cockroaches
  3 goblins
  5 hobgoblins
  3 quokkas
  3 ball pythons
  6 bats
  2 frilled lizards
  4 kobolds
  3 rats (D:1)
61 creatures vanquished.

Notes
Turn   | Place    | Note
-------+----------+-------------------------------------------
     0 | Abyss:1  | Gargoyl the Gnoll Abyssal Knight began the quest for the
                  | Orb.
     0 | Abyss:1  | Reached XP level 1. HP: 23/23 MP: 3/3
     1 | D:1      | Escaped the Abyss
   348 | D:1      | Reached XP level 2. HP: 29/29 MP: 5/5
   400 | D:1      | Reached * piety under Lugonu
   430 | D:1      | Found a faded altar of an unknown god.
   996 | D:2      | Reached XP level 3. HP: 35/35 MP: 6/6
  1517 | D:2      | Reached skill level 1 in Short Blades
  1517 | D:2      | Reached skill level 1 in Long Blades
  1517 | D:2      | Reached skill level 1 in Maces & Flails
  1517 | D:2      | Reached skill level 1 in Polearms
  1517 | D:2      | Reached skill level 1 in Staves
  1517 | D:2      | Reached skill level 1 in Slings
  1517 | D:2      | Reached skill level 1 in Bows
  1517 | D:2      | Reached skill level 1 in Crossbows
  1517 | D:2      | Reached skill level 1 in Throwing
  1517 | D:2      | Reached skill level 1 in Stealth
  1517 | D:2      | Reached skill level 1 in Shields
  1517 | D:2      | Reached skill level 1 in Unarmed Combat
  1517 | D:2      | Reached skill level 1 in Spellcasting
  1517 | D:2      | Reached skill level 1 in Evocations
  1705 | D:2      | Found Fyes's Magic Scroll Shoppe.
  1762 | D:2      | Noticed Terence
  1777 | D:2      | Killed Terence
  1778 | D:2      | Reached XP level 4. HP: 19/41 MP: 7/7
  2105 | D:3      | Reached skill level 1 in Conjurations
  2105 | D:3      | Reached skill level 1 in Hexes
  2105 | D:3      | Reached skill level 1 in Summonings
  2105 | D:3      | Reached skill level 1 in Necromancy
  2105 | D:3      | Reached skill level 1 in Translocations
  2105 | D:3      | Reached skill level 1 in Transmutations
  2105 | D:3      | Reached skill level 1 in Fire Magic
  2105 | D:3      | Reached skill level 1 in Ice Magic
  2105 | D:3      | Reached skill level 1 in Air Magic
  2105 | D:3      | Reached skill level 1 in Earth Magic
  2105 | D:3      | Reached skill level 1 in Poison Magic
  2267 | D:3      | Reached XP level 5. HP: 45/47 MP: 8/8
  2973 | D:4      | Noticed a wyvern
  2980 | D:4      | Killed a wyvern
  2981 | D:4      | Reached skill level 5 in Invocations
  2981 | D:4      | Reached XP level 6. HP: 21/53 MP: 9/9
  3224 | D:4      | Reached skill level 5 in Axes
  3224 | D:4      | Reached skill level 5 in Armour
  3658 | D:4      | Reached ** piety under Lugonu
  4075 | D:4      | Found a runed translucent door.
  4076 | D:4      | Noticed Crazy Yiuf
  4089 | D:4      | Slain by Crazy Yiuf

Illustrated notes

Levels and vault maps discovered:
D:1:      tarquinn_simple_flora_water_e, layout_rooms,
          ebering_ecumenical_altar_box, kennysheep_doodads,
          minmay_small_reverse_x
D:2:      layout_loops_ring, serial_shops, shop_fountains, uniq_terence
D:3:      layout_loops_ring
D:4:      layout_basic, uniq_grinder, uniq_crazy_yiuf_cottage, uniq_menkaure

Skill      XL: |  1  2  3  4  5  6 |
---------------+-------------------+-----
Short Blades   | 1 2 |  2.0
Long Blades    | 1 2 |  2.0
Maces & Flails | 1 2 |  2.0
Polearms       | 1 2 |  2.0
Staves         | 1 2 |  2.0
Slings         | 1 2 |  2.0
Bows           | 1 2 |  2.0
Crossbows      | 1 2 |  2.0
Throwing       | 1 2 |  2.0
Stealth        | 1 2 |  2.0
Shields        | 1 2 |  2.0
Unarmed Combat | 1 2 |  2.0
Spellcasting   | 1 2 |  2.0
Evocations     | 1 2 |  2.0
Conjurations   | 1 |  1.6
Hexes          | 1 |  1.6
Summonings     | 1 |  1.6
Necromancy     | 1 |  1.6
Translocations | 1 |  1.6
Transmutations | 1 |  1.6
Fire Magic     | 1 |  1.6
Ice Magic      | 1 |  1.6
Air Magic      | 1 |  1.6
Earth Magic    | 1 |  1.6
Poison Magic   | 1 |  1.6
Dodging        | 3 |  3.3
Invocations    | 5 |  5.1
Axes           | 5 |  5.0
Armour         | 5 |  5.0
Fighting       | |  6.8

Action                   |  1- 3 |  4- 6 || total
-------------------------+-------+-------++-------
Melee: Hand axe          |   110 |   123 ||   233
       Bite              |    11 |    22 ||    33
       Punch             |     2 |     5 ||     7
Invok: Depart the Abyss  |     1 |       ||     1
  Use: Scroll            |     5 |     4 ||     9
       Potion            |     1 |     5 ||     6
 Stab: Sleeping          |     2 |       ||     2
Armor: Leather armour    |    27 |       ||    27
       Scale mail        |       |    27 ||    27
       Chain mail        |       |    20 ||    20
Dodge: Dodged            |    83 |    74 ||   157

Table legend: (Time is in decaauts)
 A = Elapsed time spent in this place.
 B = Non-inter-level travel time spent in this place.
 C = Inter-level travel time spent in this place.
 D = Time resting spent in this place.
 E = Time spent auto-exploring this place.
 F = Levels seen in this place.
 G = Mean time per level.
                   A        B        C        D        E       F      G
               +--------+--------+--------+--------+--------+-----+--------+
         Total |   4106 |   3998 |    108 |    648 |   2685 |   5 |  821.2 |
       Dungeon |   4105 |   3997 |    108 |    648 |   2685 |   4 | 1026.2 |
         Abyss |      1 |      1 |      0 |      0 |      0 |   1 |    1.0 |
               +--------+--------+--------+--------+--------+-----+--------+

Top non-repeatable levels by time:
     D:2: 1339 daAuts
     D:3: 1153 daAuts
     D:4: 856 daAuts
     D:1: 755 daAuts
 Abyss:1: 1 daAuts
